 Dungeon Crawl Stone Soup version 0.30-a0-368-g86fb4627a9 (webtiles) character file.

Game seed: 8507001268865309770

789 Lobster4 the Firebug (level 7, -6/58 HPs)
             Began as a Hill Orc Fire Elementalist on Nov 18, 2022.
             Killed by divine providence
             ... invoked by an orc priest
              (15 damage)
             ... on level 6 of the Dungeon.
             The game lasted 00:14:40 (5582 turns).

Lobster4 the Firebug (Hill Orc Fire Elementalist)   Turns: 5582, Time: 00:14:41

Health: -6/58      AC:  2    Str: 13    XL:     7   Next: 87%
Magic:  1/11       EV: 12    Int: 15    God:
Gold:   215        SH:  0    Dex: 11    Spells: 8/11 levels left

rFire   . . .      SeeInvis .    a - staff of conjuration
rCold   . . .      Faith    .    (no shield)
rNeg    . . .      Spirit   .    x - +0 robe
rPois   .          Reflect  .    p - +0 hat
rElec   .          Harm     .    (no cloak)
rCorr   .          Rampage  .    (no gloves)
Will    .....                    (no boots)
Stlth   ++........               (no amulet)
HPRegen 0.29/turn                (no ring)
MPRegen 0.12/turn                (no ring)

@: no status effects
A: no striking features
a: Convert to Beogh


You were on level 6 of the Dungeon.
You visited 2 branches of the dungeon, and saw 7 of its levels.

You collected 215 gold pieces.

Inventory:

Hand Weapons
 b - a +0 longbow
 d - a +0 trident
 e - a +0 long sword
 r - a +0 whip of electrocution
 v - a +2 dagger of venom
Missiles
 h - 11 poisoned darts
 t - 10 stones
 E - 2 atropa-tipped darts
Armour
 j - a +0 leather armour
 k - a +0 ring mail
 o - a +0 buckler
 p - a +0 hat (worn)
 x - a +0 robe (worn)
Magical Staves
 a - a staff of conjuration (weapon)
Wands
 q - a wand of polymorph (12)
Scrolls
 c - a scroll of blinking {unknown}
 s - 3 scrolls of teleportation
 u - a scroll of fog
 y - a scroll of magic mapping {unknown}
 z - a scroll of enchant armour {unknown}
 B - a scroll of noise {unknown}
Potions
 f - 2 potions of might {unknown}
 g - a potion of brilliance
 i - 3 potions of heal wounds
 l - a potion of resistance
 m - 2 potions of ambrosia
 n - 3 potions of curing {unknown}
 w - 2 potions of degeneration {unknown}
 A - a potion of haste
 C - a potion of flight {unknown}
 D - 3 potions of magic


   Skills:
 + Level 3.7 Fighting
 - Level 1.0 Staves
 + Level 0.7 Ranged Weapons
 - Level 1.0 Throwing
 + Level 3.1 Armour
 - Level 2.0 Dodging
 - Level 1.5 Stealth
 + Level 2.5 Shields
 + Level 2.8 Spellcasting
 + Level 3.1 Conjurations
 + Level 4.7 Fire Magic
 + Level 2.1 Evocations


You had 8 spell levels left.
You knew the following spells:

 Your Spells              Type           Power      Damage    Failure   Level
a - Foxfire               Conj/Fire      80%        2x1d8     4%          1
b - Scorch                Fire           32%        2d7       4%          2

Your spell library contained the following spells:

 Spells                   Type           Power      Damage    Failure   Level
 Momentum Strike          Conj/Tloc      20%        3d8       16%         2
 Freeze                   Ice            8%         1d3       21%         1
 Inner Flame              Hex/Fire       9%         N/A       24%         3
 Blink                    Tloc           4%         N/A       30%         2
 Cigotuvi's Dreadful Rot  Necr/Pois/Air  4%         N/A       30%         2
 Poisonous Vapours        Pois/Air       4%         N/A       30%         2
 Dazzling Flash           Conj/Hex       20%        N/A       32%         3
 Hailstorm                Conj/Ice       10%        3d5       32%         3
 Kindle Blastsparks       Fire/Tloc/Air  12%        2d11      32%         3
 Mephitic Cloud           Conj/Pois/Air  7%         N/A       38%         3
 Flame Wave               Conj/Fire      20%        2d7       38%         4
 Frozen Ramparts          Ice            4%         1d1       52%         3
 Lesser Beckoning         Tloc           4%         N/A       52%         3
 Iskenderun's Mystic Bla  Conj/Tloc      10%        2d4       71%         4
 Alistair's Intoxication  Tmut/Pois      1%         N/A       99%         5
 Borgnjor's Vile Clutch   Necr/Erth      1%         N/A       99%         5
 Starburst                Conj/Fire      10%        6d5       99%         6
 Eringya's Noxious Bog    Tmut/Pois      1%         N/A       100%        6


Dungeon Overview and Level Annotations

Branches:
Dungeon (6/15)             Temple (1/1) D:5

Altars:
Elyvilon
Kikubaaqudgha
Makhleb
Nemelex Xobeh
Okawaru
Qazlal
Wu Jian
Xom
Yredelemnul

Annotations:
D:3 1 runed translucent door, Crazy Yiuf


Message History

The orc wizard hits you with a +0 dagger.
The orc priest calls upon Beogh to heal the orc wizard.
The orc wizard is healed somewhat.
Casting: Scorch (safe; 4% risk of failure)
Confirm with . or Enter, or press ? or * to list all spells.
Flames lash the orc priest but do no damage.
The orc wizard hits you with a +0 dagger.
Unknown command.
Casting: Scorch (safe; 4% risk of failure)
Confirm with . or Enter, or press ? or * to list all spells.
You don't have enough magic to cast this spell.
You barely miss the orc wizard.
The orc wizard is heavily wounded.
The orc wizard hits you with a +0 dagger.
The orc wizard points at you and mumbles some strange words.
The magic dart hits you.
Casting: Scorch (safe; 4% risk of failure)
Confirm with . or Enter, or press ? or * to list all spells.
You don't have enough magic to cast this spell.
Casting: Scorch (safe; 4% risk of failure)
Confirm with . or Enter, or press ? or * to list all spells.
You feel a surge of power!
You conjure some foxfire!
The orc wizard hits you with a +0 dagger.
Unknown command.
You hit the orc wizard.
The orc wizard is severely wounded.
The orc wizard closely misses you.
You hit the orc wizard.
The orc wizard is almost dead.
The orc priest invokes the aid of Beogh against you.
Beogh smites you!
* * * LOW HITPOINT WARNING * * *
The orc wizard gestures at you while chanting.
The magic dart hits you!
* * * LOW HITPOINT WARNING * * *
You hit the orc wizard.
You kill the orc wizard!
The orc priest mumbles some strange prayers to Beogh against you.
Beogh smites you!
You die...

............#########
...........#..≈≈≈≈≈.
...........#.≈.....≈
...........#.≈.≈≈≈.≈
...........#.≈≈...≈≈
...........#.≈≈._.≈≈
###+########.≈≈...≈≈
#v#.≈.≈≈≈.≈
#@#.≈.....≈
#)#..≈≈≈≈≈. .
#o.######## .. #....#
... ##.### ... #.#
..o5o.)........
...............
...............


You could see an orc priest (ally target).

Vanquished Creatures
  Sigmund (D:3)
  Menkaure (D:5)
  An ice beast (D:5)
  A necrophage (D:5)
  4 hounds (D:5)
  An iguana (D:4)
  Jessica (D:2)
  An orc wizard (D:6)
  7 adders
  3 gnolls (D:6)
  An ufetubus (D:6)
  2 worms (D:2)
  5 dart slugs
  An orc (D:6)
  6 ball pythons
  3 bats
  2 endoplasms
  3 giant cockroaches (D:1)
  9 goblins
  6 hobgoblins
  2 jackals (D:4)
  8 kobolds
  6 quokkas
  3 frilled lizards
  7 rats
85 creatures vanquished.

Vanquished Creatures (others)
  339 foxfires
  4 toadstools (D:1)
343 creatures vanquished.

Grand Total: 428 creatures vanquished

Notes
Turn   | Place    | Note
-------+----------+-------------------------------------------
     0 | D:1      | Lobster4 the Hill Orc Fire Elementalist began the quest for
                  | the Orb.
     0 | D:1      | Reached XP level 1. HP: 14/14 MP: 3/3
   195 | D:1      | Reached XP level 2. HP: 22/22 MP: 2/4
   233 | D:1      | Learned a level 2 spell: Scorch
   422 | D:1      | Reached skill level 1 in Fighting
   713 | D:1      | Reached XP level 3. HP: 28/28 MP: 2/5
  1221 | D:2      | Reached skill level 1 in Armour
  1706 | D:2      | Reached XP level 4. HP: 35/35 MP: 0/6
  2248 | D:2      | Noticed Jessica
  2273 | D:2      | Killed Jessica
  2692 | D:3      | Noticed Sigmund
  2775 | D:3      | Reached XP level 5. HP: 40/41 MP: 3/8
  3117 | D:3      | Killed Sigmund
  3118 | D:3      | Reached skill level 1 in Throwing
  3118 | D:3      | Reached skill level 1 in Shields
  3118 | D:3      | Reached skill level 4 in Fire Magic
  3118 | D:3      | Reached skill level 1 in Evocations
  3118 | D:3      | Reached XP level 6. HP: 50/50 MP: 2/9
  3270 | D:3      | Found a runed translucent door.
  3271 | D:3      | Noticed Crazy Yiuf
  4233 | D:5      | Entered Level 5 of the Dungeon
  4269 | D:5      | Found a burning altar of Makhleb.
  4462 | D:5      | Noticed Menkaure
  4469 | D:5      | Killed Menkaure
  4470 | D:5      | Reached skill level 1 in Staves
  4470 | D:5      | Reached XP level 7. HP: 18/57 MP: 2/10
  4682 | D:5      | Found a white marble altar of Elyvilon.
  4815 | D:5      | Found a staircase to the Ecumenical Temple.
  4827 | Temple   | Entered the Ecumenical Temple
  5535 | D:6      | Found an ancient bone altar of Kikubaaqudgha.
  5582 | D:6      | Killed from afar by an orc priest

Illustrated notes

Levels and vault maps discovered:
D:1:      ldierk_walled_garden_2, layout_loops_ring, minmay_quantized
D:2:      layout_loops_cross, uniq_jessica
D:3:      layout_rooms, serial_curves, eino_curves_03, eino_curves_02,
          uniq_crazy_yiuf_cottage, uniq_sigmund
D:4:      layout_rooms, serial_curves, eino_curves_01, eino_curves_03
D:5:      layout_gridville, makhleb_blood_cavern_becter,
          mainiacjoe_overflow_cross_hatched, minmay_temple_entry_grid,
          skrybe_limestone_x, uniq_menkaure
D:6:      layout_gridville, mainiacjoe_overflow_paths
Temple:   nicolae_temple_superstar

Skill      XL: |  1  2  3  4  5  6  7 |
---------------+----------------------+-----
Fighting       | 1 2 3 |  3.7
Armour         | 1 2 3 |  3.1
Dodging        | 2 |  2.0
Spellcasting   | 2 |  2.8
Conjurations   | 2 3 |  3.1
Throwing       | 1 |  1.0
Shields        | 1 2 |  2.5
Fire Magic     | 4 |  4.7
Evocations     | 1 2 |  2.1
Staves         | 1 |  1.0
Ranged Weapons | |  0.7
Stealth        | |  1.5

Action                   |  1- 3 |  4- 6 |  7- 9 || total
-------------------------+-------+-------+-------++-------
Melee: Unarmed           |     3 |       |       ||     3
       Trident           |     9 |       |       ||     9
       Long sword        |    22 |     1 |       ||    23
       Whip              |       |     6 |       ||     6
       Staff             |       |     5 |    14 ||    19
       Punch             |       |       |     1 ||     1
 Cast: Foxfire           |    74 |    97 |    32 ||   203
       Scorch            |       |     6 |    10 ||    16
  Use: Scroll            |       |     8 |     1 ||     9
 Stab: Sleeping          |     1 |       |       ||     1
Armor: Robe              |    10 |     7 |     1 ||    18
Dodge: Dodged            |    45 |    22 |     9 ||    76

Table legend: (Time is in decaauts)
 A = Elapsed time spent in this place.
 B = Non-inter-level travel time spent in this place.
 C = Inter-level travel time spent in this place.
 D = Time resting spent in this place.
 E = Time spent auto-exploring this place.
 F = Levels seen in this place.
 G = Mean time per level.
                   A        B        C        D        E       F      G
               +--------+--------+--------+--------+--------+-----+--------+
         Total |   5595 |   5389 |    206 |    782 |   3656 |   7 |  799.3 |
       Dungeon |   5420 |   5224 |    196 |    782 |   3516 |   6 |  903.3 |
        Temple |    175 |    165 |     10 |      0 |    140 |   1 |  175.0 |
               +--------+--------+--------+--------+--------+-----+--------+

Top non-repeatable levels by time:
     D:2: 1302 daAuts
     D:1: 1220 daAuts
     D:5: 1037 daAuts
     D:3: 973 daAuts
     D:4: 746 daAuts
  Temple: 175 daAuts
     D:6: 139 daAuts
